AoeStats
← Morris=w=

Arena

508943764Analyzed
4v4 RM · 8d ago on Sep 24, 2026· 46m 26s· 8 players
Game mode
Random Map
Map size
Large (8 player)
Population
200
Speed
Normal
Resources
Standard
Victory
Conquest
Starting age
Dark Age
Ending age
Imperial Age
RankedLock teamsTeams togetherTeam positionsShared explorationLock speedFull tech treeHidden civsTurbo modeCheats
Victory
Defeat
🇨🇴 Slavs · Colombia
1627
+12
🇬🇧 Franks · United Kingdom
1517
+16
🇸🇰 Khmer · Slovakia
1480
+18
🇪🇸 Teutons · Spain
1387
+20
🇩🇰 Danes · Denmark
1546
-18
🇪🇸 Wei · Spain
1544
-18
🇭🇰 Mongols · Hong Kong SAR China
1534
-17
🇺🇸 Spanish · United States
1439
-13
KristianIII
10:33 Feudal Age
14:02 Castle Age
13:23 Double-Bit Axe
13:25 Horse Collar
15:05 Bow Saw
15:48 Heavy Plow
23:19 Bloodlines
23:51 Wheelbarrow
23:02 Loom
26:33 Imperial Age
24:32 Scale Barding Armor
25:01 Forging
25:03 Bloodlines
24:54 Husbandry
25:34 Hand Cart
25:37 Gold Mining
25:42 Stone Mining
26:17 Chain Barding Armor
27:04 Iron Casting
27:21 Elite Battle Elephant
29:13 Plate Barding Armor
31:43 Crop Rotation
33:44 Conscription
33:58 Double Crossbow
34:03 Tusk Swords
35:06 Blast Furnace
41:59 Light Cavalry
43:29 Hussar
mandrews27
10:18 Feudal Age
14:09 Castle Age
13:00 Loom
13:04 Double-Bit Axe
18:42 Bow Saw
20:58 Gold Mining
22:00 Fletching
23:39 Wheelbarrow
26:37 Imperial Age
25:13 Bodkin Arrow
24:54 Ordonnance Companies
26:21 Padded Archer Armor
28:35 Leather Archer Armor
29:28 Ballistics
30:10 Chemistry
29:09 Town Watch
29:08 Cranequins
32:59 Conscription
34:10 Heavy Mounted Crossbowman
35:18 Forging
35:13 Scale Barding Armor
36:53 Husbandry
37:47 Chain Barding Armor
38:02 Iron Casting
37:59 Hand Cart
37:29 Cavalier
39:59 Plate Barding Armor
40:57 Masonry
41:30 Chivalry
41:42 Paladin
43:42 Blast Furnace
jmolinao
10:47 Feudal Age
12:14 Loom
14:45 Castle Age
12:33 Double-Bit Axe
13:03 Horse Collar
15:22 Wheelbarrow
17:14 Bow Saw
19:13 Heavy Plow
20:11 Town Watch
21:05 Stone Mining
21:06 Gold Mining
22:18 Hand Cart
24:14 Gold Shaft Mining
25:25 Scale Barding Armor
25:30 Forging
28:02 Imperial Age
26:44 Chain Barding Armor
27:22 Bloodlines
27:12 Husbandry
28:20 Iron Casting
28:50 Detinets
28:22 Elite Boyar
29:44 Plate Barding Armor
30:20 Blast Furnace
29:47 Masonry
30:08 Conscription
29:54 Scale Mail Armor
29:46 Fletching
33:35 Two-Man Saw
37:16 Chain Mail Armor
40:02 Bodkin Arrow
40:32 Ballistics
41:13 Chemistry
44:22 Pikeman
45:03 Squires
45:35 Plate Mail Armor
46:15 Druzhina
45:51 Light Cavalry
El coco
6:38 Loom
8:56 Feudal Age
9:22 Town Watch
10:41 Wheelbarrow
10:55 Fletching
25:23 Double-Bit Axe
29:57 Castle Age
29:27 Gold Mining
30:36 Bodkin Arrow
30:52 Forging
30:52 Bow Saw
32:08 Fortified Wall
31:49 Horse Collar
32:55 Guard Tower
37:16 Imperial Age
36:56 Masonry
38:56 Iron Casting
38:21 Scale Mail Armor
39:23 Two-Man Saw
38:26 Heavy Plow
38:53 Conscription
40:43 Chemistry
Morris=w=
10:25 Feudal Age
14:11 Castle Age
11:59 Double-Bit Axe
12:29 Horse Collar
15:34 Bow Saw
21:02 Heavy Plow
22:58 Wheelbarrow
24:09 Loom
27:53 Imperial Age
25:29 Gold Mining
25:54 Fletching
26:00 Stone Mining
26:58 Hand Cart
27:05 Bodkin Arrow
27:33 Ballistics
28:16 Bloodlines
28:06 Husbandry
29:00 Conscription
28:42 Bracer
29:31 Parthian Tactics
29:02 Town Watch
29:38 Elite Mangudai
31:08 Padded Archer Armor
32:11 Coinage
33:12 Chemistry
34:43 Banking
33:39 Pikeman
37:28 Masonry
45:41 Leather Archer Armor
46:04 Fortified Wall
Lord Longshaft
10:17 Loom
17:15 Feudal Age
21:18 Castle Age
19:54 Fletching
23:20 Horse Collar
25:40 Guard Tower
26:16 Double-Bit Axe
27:44 Stone Mining
27:28 Man-at-Arms
28:41 Scale Mail Armor
28:48 Gambesons
28:43 Long Swordsman
30:47 Gold Mining
31:02 Arson
32:01 Stone Shaft Mining
33:33 Gold Shaft Mining
34:15 Masonry
34:55 Forging
35:24 Bodkin Arrow
36:37 Wheelbarrow
36:23 Murder Holes
38:24 Ballistics
TandemTooth
10:09 Feudal Age
14:03 Castle Age
13:00 Double-Bit Axe
17:41 Loom
19:05 Town Watch
20:05 Wheelbarrow
22:15 Bow Saw
22:34 Horse Collar
27:29 Imperial Age
25:26 Scale Barding Armor
25:47 Forging
26:18 Bloodlines
26:56 Husbandry
27:36 Heavy Hei Guang Cavalry
28:42 Chain Barding Armor
29:51 Iron Casting
28:43 Capped Ram
30:30 Hand Cart
30:16 Heavy Plow
35:34 Ming Guang Armor
35:40 Fletching
36:51 Coinage
36:43 Scale Mail Armor
36:05 Pikeman
36:45 Squires
37:01 Gold Mining
37:02 Stone Mining
37:23 Halberdier
38:46 Chain Mail Armor
40:05 Fortified Wall
40:56 Chemistry
43:14 Blast Furnace
mxrider971
8:18 Loom
10:04 Feudal Age
14:48 Castle Age
13:01 Horse Collar
13:09 Double-Bit Axe
16:13 Bow Saw
20:17 Padded Archer Armor
21:05 Heavy Plow
25:20 Wheelbarrow
24:30 Town Watch
28:25 Imperial Age
26:10 Gold Mining
27:10 Leather Archer Armor
27:48 Masonry
30:19 Chemistry
29:51 Architecture
30:03 Ring Archer Armor
30:25 Fletching
31:01 Ballistics
31:04 Supremacy
31:30 Hand Cart
34:31 Block Printing
36:53 Sanctity
Connection lost

Rejoining the realm…

Still unreachable

The connection could not be restored.

Session expired

The server has moved on; the page needs a fresh start.